 Dungeon Crawl Stone Soup version 0.26.0-45-g9c1d065592 (webtiles) character file.

Game seed: 9550573571285140439

41338 ytrimaz the Severer (level 13, -5/123 HPs)
             Began as a Minotaur Berserker on Jan 12, 2021.
             Was a High Priest of Trog.
             Slain by kaeus's ghost (8 damage)
             ... on level 13 of the Dungeon on Jan 30, 2021.
             The game lasted 00:38:04 (15653 turns).

ytrimaz the Severer (Minotaur Berserker)           Turns: 15653, Time: 00:38:05

Health: -5/123     AC: 14    Str: 27      XL:     13   Next: 79%
Magic:  0/12       EV: 16    Int:  1 (4)  God:    Trog [*****.]
Gold:   1100       SH:  4    Dex: 16      Spells: 12/12 levels left

rFire    . . .     SeeInvis .   J - +9 battleaxe (vorpal)
rCold    . . .     Faith    .   (shield currently unavailable)
rNeg     . . .     Spirit   +   g - +1 troll leather armour {Purgy}
rPois    .         Reflect  .   C - +2 hat
rElec    .         Harm     .   o - scarf {repulsion}
rCorr    .         Rampage  .   (no gloves)
Will     +++..                  e - +0 pair of boots
Stlth    +.........             r - amulet of guardian spirit
HPRegen  1.70/turn              z - +6 ring of dexterity
MPRegen  0.13/turn              j - +4 ring of protection

@: lethally poisoned (-5 -> -5), berserk cooldown, regenerating (expiring),
slowed, repel missiles, very slow
A: retaliatory headbutt, hooves 1, horns 2, large bone plates 1, blurry vision
1, strong-willed 1
a: Renounce Religion, Berserk, Trog's Hand, Brothers in Arms


You were on level 13 of the Dungeon.
You worshipped Trog.
Trog was extremely pleased with you.
You visited 1 branch of the dungeon, and saw 14 of its levels.
You also visited: Sewer.

You collected 1100 gold pieces.

Inventory:

Hand Weapons
 D - the +4 scimitar "Imua" {protect, +Blink Will- Dex+7}
   (You found it on level 8 of the Dungeon)

   It grants its wielder temporary protection when it strikes (+7 to AC).
   It affects your dexterity (+7).
   It affects your willpower, your defense against some magical effects.
   It lets you blink.
 E - a +5 battleaxe of flaming
 J - a +9 vorpal battleaxe (weapon)
Armour
 e - a +0 pair of boots (worn)
 g - a +1 troll leather armour (worn) {Purgy}
 o - a scarf of repulsion (worn)
 u - a +2 leather armour of fire resistance
 C - a +2 hat (worn)
Jewellery
 j - a +4 ring of protection (right hand)
 r - an amulet of guardian spirit (around neck)
 s - an uncursed ring of stealth
 z - a +6 ring of dexterity (left hand)
Wands
 m - a wand of digging (10)
 n - a wand of polymorph (6)
 p - a wand of flame (35)
 q - a wand of random effects (60)
 B - a wand of paralysis (9)
 H - a wand of acid (12)
Scrolls
 c - 2 scrolls of fear
 i - 6 scrolls of teleportation
 t - a scroll of magic mapping
 x - 2 scrolls of blinking
 y - 7 scrolls of remove curse
 F - a scroll of enchant weapon
 I - 2 scrolls of fog
Potions
 a - a potion of flight
 d - 2 potions of magic
 f - 2 potions of lignification
 h - 3 potions of attraction
 k - 6 potions of might
 l - a potion of invisibility
 v - 2 potions of resistance
 w - a potion of haste


   Skills:
 + Level 13.7 Fighting
 + Level 19.6 Axes
 * Level 12.4 Armour
 + Level 6.8 Dodging


You had 12 spell levels left.
You didn't know any spells.
Your spell library was empty.

Dungeon Overview and Level Annotations

Branches:
Dungeon (14/15)            Temple (0/1) D:4            Lair (0/6) D:8
    Orc (0/2) D:9          Vaults (0/5) D:13          Sewer (visited)

Altars:
Ashenzari
Fedhas
Gozag
Makhleb
Nemelex Xobeh
Okawaru
Qazlal
Ru
Sif Muna
Trog
Vehumet
Xom
Zin

Annotations:
D:9 2 transporters, lessens's ghost, novice TeAK
D:13 1 transporter, kaeus's ghost, adept GnVM


Innate Abilities, Weirdness & Mutations

You reflexively headbutt those who attack you in melee.
You have a pair of horns on your head.
You have large cloven feet.
You are partially covered in large bone plates. (SH +4)
Scrolls take you a little longer to read.
You are strong-willed. (Will+)


Message History

You feel the effects of Trog's Hand fading.
You hear some strange, mumbled words.
A sting appears from out of thin air!
The sting hits you but does no damage.
You are poisoned.
You barely miss something. Your headbutt misses something.
You feel sick.
You hear some strange, mumbled words.
* * * LOW HITPOINT WARNING * * *
You are more poisoned.
You feel better.
* * * LOW HITPOINT WARNING * * *
You are poisoned.
Something hits you.
* * * LOW HITPOINT WARNING * * *
You writhe in agony.
* * * LOW HITPOINT WARNING * * *
You slice something!!
You feel sick.
* * * LOW HITPOINT WARNING * * *
You are more poisoned.
Something hits you!
You die...

..##.....####©###..#....#........
.###.#####..###©##..#............
.##..#....#......##.##...........
###.##...#...#....#..............
# #.#......#..##..#..............
###.#..##..©..#...#..............
.##.#.....#.....#.##.............
....##.##..=###{...#.##..........
.....#....?!)$.#@.##.###.........
...^.##..#####..###..# ##........
......####.©.####...## ##........
....................####.........
......................#..........
..............###................
.......####..## #...##.........##
......####...## #...####......##
.....###......###..## ###....#


There were no monsters in sight!

Vanquished Creatures
  Gastronok (D:8)
  Harold (D:9)
  2 hydras
  3 vault guards (D:13)
  A boulder beetle (D:14)
  3 centaur warriors
  A rakshasa (D:14)
  2 two-headed ogres
  3 unseen horrors
  A wizard (D:13)
  A deep elf mage (D:14)
  8 ugly things
  3 cyclopes
  2 manticores
  3 gargoyles
  2 yaktaurs (D:13)
  2 kobold demonologists (D:14)
  An efreet (D:13)
  4 trolls
  4 slime creatures (D:14)
  Sigmund (D:3)
  A vampire (D:10)
  A water elemental (D:13)
  A shadow (D:13)
  18 humans (D:13)
  3 wraiths
  2 wyverns
  29 yaks
  A basilisk (D:14)
  A golden eye (shapeshifter) (D:14)
  6 vampire mosquitoes
  3 neqoxecs (D:13)
  2 wargs (D:8)
  A soldier ant (D:13)
  An acid dragon (D:12)
  5 water moccasins
  10 orc warriors
  A black bear (shapeshifter) (D:13)
  6 sky beasts
  2 ice beasts
  Purgy (Sewer)
  A black bear (D:6)
  4 phantoms
  A necrophage (D:6)
  9 centaurs
  9 ogres
  3 big kobolds
  17 bullfrogs
  2 gnoll sergeants
  A wyvern zombie (D:12)
  A wyvern skeleton (D:12)
  5 scorpions
  8 killer bees
  5 wights
  2 electric eels (D:13)
  4 howler monkeys
  2 bullfrog zombies
  2 centaur zombies
  3 quasits (D:13)
  8 hounds
  5 jellies
  A bullfrog skeleton (D:11)
  2 centaur skeletons
  6 orc priests
  18 orc wizards
  3 iguanas
  Natasha (thrice) (D:3)
  14 worker ants
  A hound zombie (D:10)
  3 worker ant zombies
  Robin (D:3)
  2 howler monkey zombies
  11 gnolls
  9 adders
  4 shadow imps
  2 white imps
  An ufetubus (D:8)
  2 adder zombies
  3 adder skeletons
  2 worms
  10 leopard geckos
  43 orcs
  2 ball pythons (D:3)
  11 giant cockroaches
  16 goblins
  12 hobgoblins
  9 jackals
  A quokka (D:9)
  4 bats
  11 frilled lizards
  A jackal skeleton (D:6)
  26 kobolds
  3 leopard gecko skeletons
  2 quokka skeletons
  A quokka zombie (D:10)
  6 rats
482 creatures vanquished.

Vanquished Creatures (others)
  A human (D:13)
  An orc wizard (D:8)
  A worm (D:5)
3 creatures vanquished.

Grand Total: 485 creatures vanquished

Notes
Turn   | Place    | Note
-------+----------+-------------------------------------------
     0 | D:1      | ytrimaz the Minotaur Berserker began the quest for the Orb.
     0 | D:1      | Reached XP level 1. HP: 19/19 MP: 0/0
   138 | D:1      | You fall into a shaft and drop 1 floor!
   597 | D:1      | Reached skill level 4 in Axes
   900 | D:1      | Reached XP level 2. HP: 21/27 MP: 1/1
  1946 | D:2      | Found a broken altar of Ashenzari.
  2085 | D:2      | Reached XP level 3. HP: 24/33 MP: 2/2
  2442 | D:2      | Found a faded altar of an unknown god.
  2453 | D:2      | Reached ** piety under Trog
  2913 | D:3      | Found a glowing drain.
  2918 | D:3      | Noticed Natasha
  2940 | D:3      | Killed Natasha
  2941 | D:3      | Reached skill level 5 in Axes
  2941 | D:3      | Reached XP level 4. HP: 5/40 MP: 3/3
  2947 | Sewer    | Entered a sewer
  3299 | Sewer    | Noticed Purgy
  3307 | Sewer    | Killed Purgy
  3308 | Sewer    | Reached skill level 6 in Axes
  3308 | Sewer    | Reached XP level 5. HP: 28/47 MP: 4/4
  3743 | D:3      | Noticed Natasha
  3753 | D:3      | Killed Natasha
  3761 | D:3      | Noticed Sigmund
  3797 | D:3      | Killed Sigmund
  3798 | D:3      | Reached skill level 5 in Fighting
  3798 | D:3      | Reached skill level 7 in Axes
  3798 | D:3      | Reached XP level 6. HP: 56/56 MP: 5/5
  3805 | D:3      | Noticed Natasha
  3813 | D:3      | Killed Natasha
  3813 | D:3      | Noticed Robin
  3825 | D:3      | Killed Robin
  3833 | D:3      | Reached *** piety under Trog
  3969 | D:3      | Found a shimmering altar of Xom.
  4200 | D:3      | Reached XP level 7. HP: 43/62 MP: 6/6
  4300 | D:3      | Found a sparkling altar of Nemelex Xobeh.
  4355 | D:3      | Found a glowing silver altar of Zin.
  4379 | D:3      | Found an opulent altar of Gozag.
  4660 | D:4      | Found a staircase to the Ecumenical Temple.
  4668 | D:4      | Reached skill level 8 in Axes
  4810 | D:4      | Reached **** piety under Trog
  5352 | D:5      | Entered Level 5 of the Dungeon
  5359 | D:5      | Reached skill level 9 in Axes
  5401 | D:5      | Reached XP level 8. HP: 71/71 MP: 7/7
  5500 | D:5      | Reached skill level 5 in Armour
  5926 | D:5      | Found a radiant altar of Vehumet.
  5932 | D:5      | Found a bloodstained altar of Trog.
  6120 | D:6      | Reached skill level 10 in Axes
  6330 | D:6      | Found a stormy altar of Qazlal.
  6334 | D:6      | Reached skill level 11 in Axes
  6479 | D:6      | Reached XP level 9. HP: 79/79 MP: 8/8
  6912 | D:7      | Reached skill level 12 in Axes
  7447 | D:7      | Found a shimmering blue altar of Sif Muna.
  7558 | D:7      | Reached skill level 13 in Axes
  7945 | D:8      | Reached ***** piety under Trog
  7996 | D:8      | Reached XP level 10. HP: 79/90 MP: 7/9
  8053 | D:8      | Found a staircase to the Lair.
  8176 | D:8      | Found a sacrificial altar of Ru.
  8200 | D:8      | Noticed Gastronok
  8216 | D:8      | Killed Gastronok
  8217 | D:8      | Reached skill level 14 in Axes
  8547 | D:8      | Got a transparent scimitar
  8771 | D:8      | Identified the +4 scimitar "Imua" {protect, +Blink Will-
                  | Dex+7} (You found it on level 8 of the Dungeon)
  8945 | D:9      | Reached skill level 15 in Axes
  8950 | D:9      | Noticed Harold
  8963 | D:9      | Killed Harold
  9050 | D:9      | Found a transporter.
  9051 | D:9      | Noticed lessens's ghost (novice TeAK)
  9052 | D:9      | Found a transporter.
  9053 | D:9      | Identified the +3 dire flail of the Whale {vorpal, +Blink
                  | +Rage rF+ rC+}
  9053 | D:9      | Identified the +5 dire flail of Uwujich {distort, rF+}
  9053 | D:9      | Noticed a two-headed ogre
  9055 | D:9      | Noticed a two-headed ogre
  9101 | D:9      | Reached XP level 11. HP: 48/97 MP: 3/10
  9319 | D:9      | Found a staircase to the Orcish Mines.
  9342 | D:9      | Reached skill level 16 in Axes
  9599 | D:9      | Found a burning altar of Makhleb.
  9810 | D:10     | Entered Level 10 of the Dungeon
 10038 | D:10     | Reached skill level 10 in Fighting
 10091 | D:10     | Upgraded the game from 0.26.0-8-g74fc34ddfb to
                  | 0.26.0-45-g9c1d065592
 10325 | D:10     | Received a gift from Trog
 10717 | D:10     | Noticed a two-headed ogre
 10729 | D:10     | Killed a two-headed ogre
 10877 | D:11     | Noticed a red ugly thing
 11021 | D:10     | Killed a red ugly thing
 11141 | D:11     | Noticed a two-headed ogre
 11151 | D:11     | Killed a two-headed ogre
 11238 | D:11     | You fall into a shaft and drop 3 floors!
 11275 | D:14     | Noticed a rakshasa
 11315 | D:14     | Killed a rakshasa
 11319 | D:14     | Killed an unseen horror
 11569 | D:14     | Reached XP level 12. HP: 110/110 MP: 11/11
 11629 | D:14     | Reached skill level 10 in Armour
 11656 | D:14     | Reached skill level 17 in Axes
 11737 | D:14     | Reached skill level 5 in Dodging
 11820 | D:14     | Noticed a four-headed hydra
 11825 | D:14     | Killed a two-headed hydra
 11882 | D:14     | Noticed a boulder beetle
 11910 | D:14     | Killed a boulder beetle
 12114 | D:14     | Noticed a centaur warrior
 12133 | D:14     | Killed a centaur warrior
 12146 | D:14     | Received a gift from Trog
 12352 | D:14     | Reached skill level 18 in Axes
 12760 | D:13     | Found an iron altar of Okawaru.
 12955 | D:12     | Reached XP level 13. HP: 119/119 MP: 6/12
 13099 | D:12     | Found a sacrificial altar of Ru.
 13211 | D:12     | Found a flagged portal.
 13577 | D:11     | Received a gift from Trog
 13579 | D:11     | Found a blossoming altar of Fedhas.
 14230 | D:13     | Found a transporter.
 14281 | D:13     | Reached ****** piety under Trog
 14604 | D:13     | Found a transporter.
 14608 | D:13     | Noticed kaeus's ghost (adept GnVM)
 14740 | D:13     | Reached skill level 19 in Axes
 15205 | D:13     | Found a gate to the Vaults.
 15250 | D:13     | Gained mutation: You are strong-willed. (Will+) [potion of
                  | mutation]
 15250 | D:13     | Gained mutation: You have large cloven feet. [potion of
                  | mutation]
 15250 | D:13     | Gained mutation: Scrolls take you a little longer to read.
                  | [potion of mutation]
 15250 | D:13     | Gained mutation: You are partially covered in large bone
                  | plates. (SH +4) [potion of mutation]
 15649 | D:13     | HP: 5/123 [something (5)]
 15651 | D:13     | HP: 2/123 [something/Olgreb's Toxic Radiance (6)]
 15653 | D:13     | Slain by kaeus's ghost

Illustrated notes

Levels and vault maps discovered:
D:1:      dpeg_arrival_morbid_curiosity, layout_basic, minmay_misc_feat_alley,
          minmay_tiny_reverse_x
D:2:      layout_basic, marbit_many_paths,
          chequers_ecumenical_altar_simple_redux
D:3:      layout_basic, pdpol_temple_overflow_zin_treasury_gozag_greed, tgw_xom,
          general_overflow_altar, portal_sewer_entry_f, uniq_sigmund,
          uniq_robin, uniq_natasha
D:4:      wander_river, layout_rooms, minmay_temple_entry_junction_2,
          minmay_misc_feat_tower, hangedman_decor_clover_reticule, minivault_19
D:5:      layout_cave_pods, fiery_altar_vehumet, bloody_trog
D:6:      layout_rooms, lemuel_coloured_pillars_altar, minmay_quadrilaterals
D:7:      layout_layer_cave, lemuel_doored_altar
D:8:      layout_loops_ring, erik_lair_orcish_takeover,
          nicolae_ru_great_annihilating_truth, uniq_gastronok
D:9:      layout_loops_ring, kennysheep_mini, david_orc_3,
          gammafunk_ghost_smash, uniq_harold
D:10:     layout_cave_pods
D:11:     layout_rooms, basic_altar
D:12:     layout_cave_pools, enter_bailey_1, basic_altar, minmay_misc_feat_iff,
          grunt_ministairs_7
D:13:     layout_layer_cave, grunt_vaults_entry_tiered, basic_altar,
          gammafunk_ghost_stat_death, hangedman_abyss_or_decor_slice,
          grunt_ministairs_11, hive_lemuel
D:14:     layout_stronghold, kennysheep_nondescript

Skill      XL: |  1  2  3  4  5  6  7  8  9 10 11 12 13 |
---------------+----------------------------------------+-----
Axes           | 4 5 6 7 9 11 13 15 16 18 19 | 19.6
Fighting       | 4 5 6 7 8 9 11 12 13 | 13.7
Armour         | 3 4 6 7 8 9 11 12 | 12.4
Dodging        | 4 6 |  6.8

Action                   |  1- 3 |  4- 6 |  7- 9 | 10-12 | 13-15 || total
-------------------------+-------+-------+-------+-------+-------++-------
Melee: Hand axe          |    96 |   121 |   101 |       |       ||   318
       Headbutt          |     7 |    14 |    73 |   133 |    32 ||   259
       War axe           |       |       |   209 |   217 |       ||   426
       Battleaxe         |       |       |       |   228 |   143 ||   371
Invok: Berserk           |     2 |     3 |     2 |     5 |     2 ||    14
       Trog's Hand       |       |       |       |     4 |     2 ||     6
  Use: Scroll            |     5 |       |     8 |     8 |    10 ||    31
       Potion            |     1 |     3 |       |       |     4 ||     8
 Stab: Invisible         |       |     6 |       |     1 |       ||     7
       Sleeping          |       |       |     2 |     2 |       ||     4
       Distracted        |       |       |       |     1 |       ||     1
       Paralysed         |       |       |       |     1 |       ||     1
Armor: Animal skin       |    23 |     2 |       |       |       ||    25
       Troll leather arm |       |    34 |   139 |   142 |    64 ||   379
Dodge: Dodged            |    67 |    73 |   209 |   303 |   146 ||   798
       Repelled          |       |       |       |       |     3 ||     3
Block: Other             |       |       |       |       |     5 ||     5
